 Dungeon Crawl Stone Soup version 0.27.0-1-g7a089689b8 (webtiles) character file.

Game seed: 4941402924742536097

77 SnakkuSnakku7 the Sneak (level 4, 0/27 HPs)
             Began as a Gargoyle Enchanter on Aug 15, 2021.
             Slain by a gnoll (6 damage)
             ... on level 1 of the Dungeon.
             The game lasted 00:04:16 (3310 turns).

SnakkuSnakku7 the Sneak (Gargoyle Enchanter)        Turns: 3310, Time: 00:04:17

Health: 0/27       AC:  7    Str: 13    XL:     4   Next: 34%
Magic:  16/16      EV: 11    Int: 15    God:
Gold:   76         SH:  0    Dex: 10    Spells: 6/7 levels left

rFire    . . .     SeeInvis .   a - +0 war axe
rCold    . . .     Faith    .   (no shield)
rNeg     + . .     Spirit   .   f - +1 leather armour
rPois    ∞         Reflect  .   (no helmet)
rElec    +         Harm     .   (no cloak)
rCorr    .         Rampage  .   (no gloves)
Will     .....                  (no boots)
Stlth    ++........             (no amulet)
HPRegen  0.09/turn              g - ring of magical power
MPRegen  0.15/turn              (no ring)

@: no status effects
A: sickness immunity, AC +3, negative energy resistance 1, electricity
resistance, torment resistance 1, petrification resistance
a: no special abilities


You were on level 1 of the Dungeon.
You visited 1 branch of the dungeon, and saw 3 of its levels.

You collected 76 gold pieces.

Inventory:

Hand Weapons
 a - a +0 war axe (weapon)
 c - a +0 short sword
 d - a +1 dagger
 k - a +0 mace of holy wrath
Missiles
 m - 3 boomerangs
 o - 3 poisoned darts (quivered)
Armour
 b - a +0 robe
 f - a +1 leather armour (worn)
Jewellery
 g - a ring of magical power (left hand)
Scrolls
 h - a scroll of fog
 n - a scroll of torment


   Skills:
 - Level 2.3 Fighting
 - Level 0.8 Short Blades
 + Level 1.5(1.8) Axes
 - Level 1.4(1.8) Maces & Flails
 + Level 0.6 Throwing
 - Level 1.5 Dodging
 - Level 3.2 Stealth
 - Level 2.0 Spellcasting
 - Level 2.9 Hexes


You had 6 spell levels left.
You knew the following spells:

 Your Spells              Type           Power      Damage    Failure   Level
a - Corona                Hex            11%        N/A       9%          1

Your spell library contained the following spells:

 Spells                   Type           Power      Damage    Failure   Level
 Ensorcelled Hibernation  Hex/Ice        10%        N/A       24%         2
 Confusing Touch          Hex            10%        N/A       26%         3
 Tukima's Dance           Hex            10%        N/A       26%         3
 Passwall                 Tmut/Erth      0%         N/A       38%         2
 Dazzling Flash           Conj/Hex       10%        N/A       43%         3
 Swiftness                Air            1%         N/A       63%         3
 Invisibility             Hex            5%         N/A       100%        6


Dungeon Overview and Level Annotations

Branches:
Dungeon (3/15)

Altars:

Annotations:
D:2 1 runed translucent door, exclusion: door, Crazy Yiuf


Innate Abilities, Weirdness & Mutations

You are immune to sickness and miasma.
Your stone body is resilient. (AC +3)
You are immune to poison.
You resist negative energy. (rN+)
You are resistant to electric shocks. (rElec)
You are resistant to unholy torment.
You are immune to petrification.


Message History

Aim: a gnoll, wielding a +0 flail and wearing a ring of poison resistance (60% to hit)
You throw a poisoned dart.
The poisoned dart barely misses the gnoll.
The gnoll barely misses you.
Throw: 4 darts (poison)
Press: ? - help, Q - select action, (/) - cycle Shift-Dir - straight line, f/p - gnoll
Aim: a gnoll, wielding a +0 flail and wearing a ring of poison resistance (60% to hit)
You throw a poisoned dart. The poisoned dart hits the gnoll.
The gnoll hits you with a +0 flail!
You barely miss the gnoll. The gnoll hits you with a +0 flail.
The gnoll closely misses you.
You aren't carrying any potions.
Unknown command.
As you read the scroll labelled METWAL XOILOES, it crumbles to dust.
The scroll dissolves into smoke.
It was a scroll of fog.
The gnoll barely misses you.
Unknown command.
You aren't carrying any items that you can evoke.
Unknown command.
You aren't carrying any potions.
Unknown command.
As you read the scroll labelled YPSIUR EDIFIPN, it crumbles to dust.
It is a scroll of identify.
n - a scroll of torment The gnoll hits you with a +0 flail.
* * * LOW HITPOINT WARNING * * *
As you read the scroll labelled TOISYV SUCWO, it crumbles to dust.
It is a scroll of enchant armour.
Your +0 leather armour glows green for a moment.
The gnoll barely misses you.
As you read the scroll labelled PYEZIE VOSOIQO, it crumbles to dust.
You hear a loud clanging noise!
It was a scroll of noise.
The gnoll hits you with a +0 flail.
* * * LOW HITPOINT WARNING * * *
As you read the scroll labelled OPPUS SITALACH, it crumbles to dust.
You speak a Word of immense power!
It was a scroll of holy word.
The gnoll hits you but does no damage.
Unknown command.
The gnoll hits you with a +0 flail.
You die...

............#
............#
............#
..).........#
............#
............#
............#
............######
.........(....§g@#
##..........##########
.....................#
.#########.#.#.......#
.## #.#.########### ..#
#.............#
#.########.#.#########.#
#..............# #.#
##..######.#.#.# #.#


You could see a gnoll.

Vanquished Creatures
  A hound skeleton (D:2)
  2 gnolls (D:3)
  An adder (D:2)
  2 dart slugs
  An endoplasm (D:2)
  A giant cockroach (D:1)
  3 goblins (D:1)
  5 hobgoblins
  2 jackals (D:1)
  3 kobolds (D:1)
  2 quokkas
  3 ball pythons
  2 bats
  2 frilled lizards (D:1)
  3 rats
33 creatures vanquished.

Vanquished Creatures (others)
  6 fungi (D:2)
  3 plants (D:2)
9 creatures vanquished.

Grand Total: 42 creatures vanquished

Notes
Turn   | Place    | Note
-------+----------+-------------------------------------------
     0 | D:1      | SnakkuSnakku7 the Gargoyle Enchanter began the quest for
                  | the Orb.
     0 | D:1      | Reached XP level 1. HP: 10/10 MP: 3/3
   250 | D:1      | Reached XP level 2. HP: 16/16 MP: 5/5
   448 | D:1      | Reached skill level 1 in Fighting
   537 | D:1      | Reached skill level 1 in Maces & Flails
  1141 | D:1      | Reached XP level 3. HP: 16/20 MP: 6/6
  1760 | D:2      | Found a runed translucent door.
  1761 | D:2      | Noticed Crazy Yiuf
  1854 | D:2      | Reached skill level 1 in Axes
  2071 | D:2      | Reached XP level 4. HP: 13/27 MP: 7/7
  2273 | D:2      | Found a faded altar of an unknown god.
  3310 | D:1      | Slain by a gnoll

Illustrated notes

Levels and vault maps discovered:
D:1:      saegor_arrival_simple_a, layout_basic
D:2:      layout_basic, shapermc_ecumenical_altar_mp_urbaneastern,
          chequers_serial_rivers_micro_e, chequers_big_river,
          uniq_crazy_yiuf_cottage
D:3:      minmay_evil_eye, layout_loops_corners,
          gammafunk_temple_overflow_elements

Skill      XL: |  1  2  3 |
---------------+----------+-----
Fighting       | 1 2 |  2.3
Maces & Flails | 1 |  1.4
Axes           | 1 |  1.5
Short Blades   | |  0.8
Throwing       | |  0.6
Dodging        | |  1.5
Stealth        | |  3.2
Spellcasting   | |  2.0
Hexes          | |  2.9

Action                   |  1- 3 |  4- 6 || total
-------------------------+-------+-------++-------
Melee: Dagger            |    18 |       ||    18
       Mace              |    55 |       ||    55
       War axe           |    44 |    11 ||    55
Throw: Dart              |       |    18 ||    18
       Boomerang         |       |     1 ||     1
 Cast: Corona            |     4 |       ||     4
  Use: Scroll            |       |     5 ||     5
 Stab: Sleeping          |     6 |       ||     6
Armor: Robe              |     6 |       ||     6
       Leather armour    |    44 |     8 ||    52
Dodge: Dodged            |    78 |    17 ||    95
